 Dungeon Crawl Stone Soup version 0.30.0-29-ga12c61a403 (webtiles) character file.

Game seed: 2127723378827093495

31 LynnLen the Sneak (level 3, -6/16 HPs)
             Began as a Spriggan Enchanter on June 19, 2023.
             Mangled by a gnoll
             ... wielding a +0 halberd
              (12 damage)
             ... on level 2 of the Dungeon.
             The game lasted 00:05:33 (1338 turns).

LynnLen the Sneak (Spriggan Enchanter)              Turns: 1338, Time: 00:05:33

Health: -6/16      AC:  2    Str:  4    XL:     3   Next: 7%
Magic:  5/8        EV: 17    Int: 18    God:
Gold:   48         SH:  0    Dex: 15    Spells: 0/8 levels left

rFire   . . .        j - +6 dagger
rCold   . . .        (no shield)
rNeg    . . .        b - +0 robe
rPois   .            (helmet restricted)
rElec   .            (no cloak)
rCorr   .            (gloves unavailable)
SInv    +            (boots unavailable)
Will    .....        e - amulet of the acrobat
Stlth   +++          (no ring)
HPRegen 0.22/turn    (no ring)
MPRegen 0.11/turn

%: acrobat
@: very quick
A: very small, no large weapons, unfitting armour, see invisible, speed 3
a: no special abilities


You were on level 2 of the Dungeon.
You visited 1 branch of the dungeon, and saw 2 of its levels.

You collected 48 gold pieces.

Inventory:

Hand Weapons
 h - a +2 whip of venom
 j - a +6 dagger (weapon)
Armour
 b - a +0 robe (worn)
Magical Staves
 g - a staff of fire
Jewellery
 e - an amulet of the acrobat (around neck)
Potions
 c - 3 potions of invisibility
 d - a potion of ambrosia {unknown}
 f - a potion of degeneration {unknown}
 i - a potion of flight {unknown}


   Skills:
 - Level 1.1 Short Blades
 - Level 2.6 Dodging
 + Level 5.6 Stealth
 + Level 3.0 Spellcasting
 + Level 4.2 Hexes


You couldn't memorise any spells.
You knew the following spells:

 Your Spells              Type           Power      Damage    Failure   Level
a - Ensorcelled Hibernat  Hex/Ice        20%        N/A       11%         2
b - Confusing Touch       Hex            17%        N/A       9%          3
c - Tukima's Dance        Hex            17%        N/A       9%          3

Your spell library contained the following spells:

 Spells                   Type           Power      Damage    Failure   Level
 Dazzling Flash           Conj/Hex       20%        N/A       21%         3
 Volatile Blastmotes      Fire/Tloc      4%         2d10      43%         3
 Fulminant Prism          Conj/Hex       5%         3d7       56%         4
 Iskenderun's Mystic Bla  Conj/Tloc      2%         2d3       85%         4
 Lee's Rapid Deconstruct  Erth           1%         3d4*      99%         5


Dungeon Overview and Level Annotations

Branches:
Dungeon (2/15)

Altars:


Innate Abilities, Weirdness & Mutations

You are very small and have problems with some larger weapons.
You are too small for most types of armour.
You have supernaturally acute eyesight. (SInv)
You cover ground extremely quickly. (Speed+++)


Message History

Things that are here:
a +6 dagger; 2 stones
j - a +6 dagger
There is a stone staircase leading up here.
You climb upwards.
There is a stone staircase leading down here.
j - a +6 dagger (weapon)
Okay, then.
You drop a +1 dagger.
There is a stone staircase leading down here.
You climb downwards.
There is a stone staircase leading up here.
You see here 2 stones.
Found a stone staircase leading down.
A gnoll is nearby!
The gnoll shouts! x2; You hear a shout!
Casting: Ensorcelled Hibernation (safe; 11% risk of failure)
Confirm with . or Enter, or press ? or * to list all spells.
The spell is extremely dangerous to miscast (9% risk of failure)!
Continue anyway? [Y]es or [N]o only, please.
The spell is extremely dangerous to miscast (9% risk of failure)!
Continue anyway?
Aiming: Tukima's Dance (extremely dangerous; 9% risk of failure)
Press: ? - help, Shift-Dir - straight line, f - gnoll
Aim: a gnoll, wielding a +0 halberd and quivering stones (chance to affect: 59%)
The gnoll resists with significant effort.
Casting: Tukima's Dance (extremely dangerous; 9% risk of failure)
Confirm with . or Enter, or press ? or * to list all spells.
Okay, then.
The gnoll closely misses you.
You puncture the gnoll!
The gnoll is severely wounded.
The gnoll hits you with a +0 club.
You hit the gnoll.
The gnoll is almost dead.
The gnoll hits you with a +0 club.
You hit the gnoll.
You kill the gnoll!
The gnoll hits you from afar with a +0 halberd!
Ouch! That really hurt!
You die...

#. # #.#. #. #...
#.######## ###.
#........#g. #. ##
#.g....g.. .. ##.
#g######.# ###
###.. #)# .... #@#
#.. #.#
#.########.######
#..<(............
#.#####.##########
#..>....#
#########


You could see 2 gnolls.

Vanquished Creatures
  A gnoll (D:2)
  A dart slug (D:1)
  A bat (D:1)
  3 endoplasms (D:1)
  3 goblins (D:1)
  3 hobgoblins (D:1)
  4 jackals (D:1)
  A kobold (D:2)
  A quokka (D:1)
  3 ball pythons
  4 rats
25 creatures vanquished.

Notes
Turn   | Place    | Note
-------+----------+-------------------------------------------
     0 | D:1      | LynnLen the Spriggan Enchanter began the quest for the Orb.
     0 | D:1      | Reached XP level 1. HP: 9/9 MP: 5/5
     9 | D:1      | Noticed a bullfrog
   202 | D:1      | Reached XP level 2. HP: 13/13 MP: 6/6
   210 | D:1      | Learned a level 2 spell: Ensorcelled Hibernation
   244 | D:1      | Reached skill level 5 in Stealth
  1108 | D:2      | Reached XP level 3. HP: 16/16 MP: 8/8
  1116 | D:2      | Learned a level 3 spell: Confusing Touch
  1120 | D:2      | Learned a level 3 spell: Tukima's Dance
  1338 | D:2      | Mangled by a gnoll

Illustrated notes

Levels and vault maps discovered:
D:1:      evilmike_arrival_come_back, layout_basic, grunt_decor_resistance
D:2:      layout_loops_ring

Skill      XL: |  1  2 |
---------------+-------+-----
Stealth        | 5 |  5.6
Hexes          | 4 |  4.2
Spellcasting   | 3 |  3.0
Short Blades   | |  1.1
Dodging        | |  2.6

Action                     || total
---------------------------++-------
  Melee: Dagger            ||    94
         Punch             ||     1
   Cast: Ensorcelled Hiber ||     5
         Tukima's Dance    ||     1
    Use: Scroll            ||     1
   Stab: Sleeping          ||    10
         Distracted        ||     1
 Armour: Robe              ||    13
  Dodge: Dodged            ||    67
